 Dungeon Crawl Stone Soup version 0.23-a0-516-g0f8c245 (webtiles) character file.

19425 zishaf the Basher (level 12, -1/115 HPs)
             Began as a Troll Monk on Dec 6, 2018.
             Was the Champion of Hepliaklqana.
             Slain by a redback (13 damage)
             ... on level 4 of the Lair of Beasts.
             The game lasted 00:32:31 (14213 turns).

zishaf the Basher (Troll Monk)                     Turns: 14213, Time: 00:32:32

Health: -1/115     AC:  7    Str: 30    XL:     12   Next: 36%
Magic:  12/12      EV: 15    Int:  6    God:    Hepliaklqana [******]
Gold:   412        SH:  0    Dex: 16    Spells: 11/11 levels left

rFire    . . .     SeeInvis .   a - +0 giant club
rCold    . . .     Gourm    +   (shield currently unavailable)
rNeg     . . .     Faith    .   K - +2 robe
rPois    .         Spirit   .   (helmet restricted)
rElec    .         Reflect  .   (no cloak)
rCorr    .         Harm     .   (gloves unavailable)
MR       .....                  (boots unavailable)
Stlth    ++........             (no amulet)
HPRegen  0.69/turn              D - +6 ring of strength
MPRegen  0.13/turn              F - +2 ring of strength

@: about to teleport
A: large, unfitting armour, reduced essence, claws 3, fast metabolism 3,
gourmand, regeneration 1, shaggy fur 1, tough skin 2
a: Recall Ancestor, Ancestor Identity, Transference, Idealise, Renounce Religion


You were on level 4 of the Lair of Beasts.
You worshipped Hepliaklqana.
Hepliaklqana was exalted by your worship.
You were completely stuffed.

You visited 3 branches of the dungeon, and saw 16 of its levels.

You collected 795 gold pieces.
You spent 383 gold pieces at shops.

Inventory:

Hand Weapons
 a - a +0 giant club (weapon)
Missiles
 d - 334 stones
 p - 8 tomahawks (quivered)
 s - 7 curare-tipped needles
 y - 32 poisoned needles
 z - 9 javelins
 E - 4 tomahawks of returning
 L - 4 needles of frenzy
Armour
 b - a +0 robe
 K - a +2 robe (worn)
Jewellery
 D - a +6 ring of strength (left claw)
 F - a +2 ring of strength (right claw)
Wands
 k - a wand of polymorph (21)
 t - a wand of paralysis (7)
 A - a wand of enslavement (6)
 H - a wand of iceblast (17)
 J - a wand of random effects (37)
 M - a wand of digging (7)
 T - a wand of flame (14)
Scrolls
 e - 5 scrolls of remove curse
 f - 2 scrolls of amnesia
 j - 4 scrolls of enchant armour
 l - 4 scrolls of enchant weapon
 n - 4 scrolls of teleportation
 o - 2 scrolls of fog
 r - 5 scrolls of blinking
 w - a scroll of fear
 B - 2 scrolls of immolation
 N - 3 scrolls of magic mapping
 O - a scroll of brand weapon
 P - a scroll of identify
Potions
 g - 4 potions of curing
 h - a potion of magic {unknown}
 i - 3 potions of cancellation
 m - 2 potions of might
 q - 6 potions of heal wounds
 u - 3 potions of resistance
 v - 2 potions of berserk rage
 x - 3 potions of mutation {unknown}
 C - a potion of ambrosia {unknown}
 G - 2 potions of invisibility
 I - a potion of agility
 R - a potion of brilliance {unknown}
 S - a potion of flight
Miscellaneous
 U - a phantom mirror
 V - a lightning rod (3/4)
Comestibles
 c - 40 rations
 Q - 2 chunks of flesh


   Skills:
 * Level 10.7 Fighting
 * Level 11.6 Maces & Flails
 - Level 5.5 Throwing
 + Level 7.7 Dodging
 - Level 1.0 Stealth
 - Level 2.0 Evocations


You had 11 spell levels left.
You didn't know any spells.
Your spell library contained the following spells:

 Spells                   Type           Power        Failure   Level  Hunger
 Freeze                   Ice            #...         45%         1    ##.....
 Throw Frost              Conj/Ice       #.....       58%         2    ###....
 Ozocubu's Armour         Chrm/Ice       #.......     83%         3    ####...
 Summon Ice Beast         Ice/Summ       #.......     99%         4    #####..
 Throw Icicle             Conj/Ice       #.......     99%         4    #####..


Dungeon Overview and Level Annotations

Branches:
Dungeon (11/15)            Temple (1/1) D:4            Lair (4/6) D:8
 Shoals (0/4) Lair:3       Spider (0/4) Lair:4
    Orc: D:9-12

Altars:
Ashenzari
Cheibriados
Dithmenos
Elyvilon
Fedhas
Gozag
Hepliaklqana
Kikubaaqudgha
Makhleb
Nemelex Xobeh
Okawaru
Qazlal
Ru
Sif Muna
Trog
Uskayaw
Vehumet
Wu Jian
Xom
Yredelemnul
The Shining One

Shops:
D:6 ?   D:7 *   D:10 *?}}

Annotations:
D:11 Urug
Lair:3 exclusion: downstairs


Innate Abilities, Weirdness & Mutations

You are too large for most types of armour.
You have claws for hands.
Your metabolism is lightning-fast.
You like to eat raw meat.
Your natural rate of healing is unusually fast.
You are covered in fur. (AC +1)
You have very tough skin. (AC +2)
Your life essence is reduced to manifest your ancestor. (-10% HP)


Message History

The redback bites you but does no damage. x2
The jumping spider closely misses you. The jumping spider bites you.
You barely miss the redback.
The redback is severely wounded.
* * * LOW HITPOINT WARNING * * *
You feel extremely sick. The redback bites you!
* * * LOW HITPOINT WARNING * * *
The jumping spider closely misses you. The jumping spider bites you.
* * * LOW HITPOINT WARNING * * *
The jumping spider leaps! x2
A water moccasin comes into view.
The redback bites you!
* * * LOW HITPOINT WARNING * * *
The jumping spider misses you. The jumping spider closely misses you.
You feel better. The redback barely misses you.
The jumping spider barely misses you.
The jumping spider bites you but does no damage.
The redback closely misses you. The redback bites you!
You die...

......##≈.≈≈≈.≈##.........
..........≈<≈..'..........
......##≈.≈≈≈.≈##.........
.....##≈.......≈##........
.....#.≈..≈.≈..≈.#........
.....#..≈≈###≈≈..#........
.....#...##.##...#........
.....#####...#####÷.......
..............§s@s........
...............sss........
..........s...............
..........................
..........................
...........#########......
.........s## #.S...
..........# ....
.#.PP###.##


You could see 4 jumping spiders, a water moccasin (wandering) and 3 redbacks.

Vanquished Creatures
  Snorg (D:10)
  2 hydras
  2 catoblepae (Lair:4)
  Pikel (D:5)
  A manticore (Lair:4)
  A black mamba (Lair:3)
  2 spiny frogs
  A merfolk siren (Lair:3)
  3 komodo dragons
  A polar bear (Lair:3)
  Grinder (D:6)
  3 hippogriffs
  3 blink frogs (Lair:4)
  3 wyverns
  2 hogs (D:7)
  A basilisk (Lair:2)
  A human (D:7)
  12 yaks
  A hungry ghost (D:9)
  7 water moccasins
  7 porcupines
  A black bear (D:8)
  3 orc warriors
  A necrophage (D:5)
  An ice beast (D:9)
  3 phantoms
  3 ogres
  4 wolves (Lair:2)
  7 centaurs
  6 crocodiles
  A big kobold (D:7)
  9 bullfrogs
  A gnoll sergeant (D:10)
  3 scorpions
  2 electric eels
  2 howler monkeys
  2 crimson imps
  3 bullfrog zombies
  4 hounds
  3 bullfrog skeletons
  A centaur skeleton (D:5)
  4 jellies
  3 orc priests
  A gnoll shaman (D:7)
  An iguana (D:8)
  Natasha (twice) (D:4)
  8 worker ants
  8 orc wizards
  2 hound zombies (D:4)
  2 hound skeletons
  A mummy (D:8)
  Robin (D:1)
  13 gnolls
  6 adders
  A howler monkey skeleton (D:5)
  3 shadow imps
  2 adder zombies
  3 adder skeletons
  2 worms
  7 leopard geckos
  30 orcs
  6 giant cockroaches
  19 goblins
  14 hobgoblins
  14 jackals
  11 kobolds
  3 quokkas
  A ball python (D:7)
  6 bats
  6 frilled lizards
  A hobgoblin zombie (D:8)
  3 kobold zombies (D:8)
  A leopard gecko skeleton (D:4)
  A leopard gecko zombie (D:4)
  6 rats
  2 plants (Lair:1)
310 creatures vanquished.

Vanquished Creatures (collateral kills)
  A spiny frog (Lair:4)
  A rime drake (Lair:4)
  2 hippogriffs
  4 yaks
  A water moccasin (Lair:1)
  3 porcupines
  A sky beast (D:5)
  A wolf (Lair:2)
  A crocodile (Lair:3)
  A big kobold (D:8)
  A bullfrog (Lair:4)
  A scorpion (D:5)
  A quasit (D:10)
  A worker ant (D:5)
  2 orc wizards
  A gnoll (D:7)
  2 adders
  A leopard gecko (D:6)
  13 orcs
  A giant cockroach (D:7)
  A jackal (D:5)
  5 kobolds
46 creatures vanquished.

Vanquished Creatures (others)
  10 hexers
  A jackal skeleton (D:6)
  2 fungi (Lair:3)
  4 plants (Lair:1)
17 creatures vanquished.

Grand Total: 373 creatures vanquished

Notes
Turn   | Place    | Note
-------+----------+-------------------------------------------
     0 | D:1      | zishaf the Troll Monk began the quest for the Orb.
     0 | D:1      | Reached XP level 1. HP: 22/22 MP: 0/0
   161 | D:1      | Reached XP level 2. HP: 29/29 MP: 1/1
   178 | D:1      | Reached skill level 3 in Maces & Flails
   695 | D:1      | Reached XP level 3. HP: 10/36 MP: 2/2
   859 | D:2      | Noticed Robin
   938 | D:1      | Killed Robin
   938 | D:1      | Reached XP level 4. HP: 38/45 MP: 3/3
  1281 | D:2      | Found a radiant altar of Vehumet.
  1485 | D:3      | Reached XP level 5. HP: 49/53 MP: 4/4
  1777 | D:3      | Reached skill level 4 in Maces & Flails
  2187 | D:3      | Found a blossoming altar of Fedhas.
  2485 | D:4      | Noticed Natasha
  2495 | D:4      | Killed Natasha
  2627 | D:4      | Reached XP level 6. HP: 55/62 MP: 5/5
  2768 | D:4      | Noticed Natasha
  2791 | D:4      | Killed Natasha
  2933 | D:4      | Noticed an orc warrior
  2983 | D:4      | Reached skill level 1 in Throwing
  3128 | D:4      | Found a staircase to the Ecumenical Temple.
  3142 | D:3      | Reached skill level 1 in Evocations
  3142 | D:3      | Reached XP level 7. HP: 13/71 MP: 6/6
  3411 | D:3      | Reached skill level 5 in Maces & Flails
  3543 | Temple   | Entered the Ecumenical Temple
  3767 | Temple   | Became a worshipper of Hepliaklqana the Forgotten
  3767 | Temple   | Reached * piety under Hepliaklqana
  3767 | Temple   | Reached ** piety under Hepliaklqana
  3771 | Temple   | Remembered your ancestor Fikile as a hexer
  4300 | D:5      | Entered Level 5 of the Dungeon
  4311 | D:5      | Reached skill level 5 in Fighting
  4332 | D:5      | Reached XP level 8. HP: 50/72 MP: 8/8
  4614 | D:5      | Reached skill level 6 in Maces & Flails
  5012 | D:6      | Noticed Grinder
  5025 | D:6      | Noticed Pikel
  5034 | D:6      | Paralysed by Grinder for 5 turns
  5105 | D:5      | Killed Pikel
  5105 | D:5      | Reached XP level 9. HP: 9/80 MP: 9/9
  5232 | D:6      | Killed Grinder
  5232 | D:6      | Reached skill level 7 in Maces & Flails
  5327 | D:6      | Found an opulent altar of Gozag.
  5351 | D:6      | Found Papnyr's Magic Scroll Emporium.
  5527 | D:6      | Found a stormy altar of Qazlal.
  5534 | D:6      | Found a glowing golden altar of the Shining One.
  5535 | D:6      | Found a bloodstained altar of Trog.
  5536 | D:6      | Found an iron altar of Okawaru.
  5537 | D:6      | Found a basalt altar of Yredelemnul.
  5548 | D:6      | Reached *** piety under Hepliaklqana
  5616 | D:6      | Found a sparkling altar of Nemelex Xobeh.
  6425 | D:7      | Found Rimewin's Serpentskin Sales.
  6451 | D:7      | Reached skill level 5 in Dodging
  6910 | D:7      | Reached skill level 8 in Maces & Flails
  6919 | D:7      | Reached XP level 10. HP: 60/91 MP: 10/10
  7187 | D:8      | Reached **** piety under Hepliaklqana
  7284 | D:8      | Found a staircase to the Lair.
  8182 | D:9      | Reached skill level 5 in Throwing
  8533 | D:9      | Reached skill level 9 in Maces & Flails
  9472 | D:10     | Entered Level 10 of the Dungeon
  9501 | D:10     | Found Usos's Assorted Antiques.
  9509 | D:10     | Bought a scroll of identify for 52 gold pieces
  9509 | D:10     | Bought a scroll of identify for 52 gold pieces
  9568 | D:10     | Reached ***** piety under Hepliaklqana
  9670 | D:10     | Noticed Snorg
  9691 | D:10     | Killed Snorg
  9691 | D:10     | Reached XP level 11. HP: 53/101 MP: 11/11
  9796 | D:10     | Found Giott's Gadget Emporium.
  9810 | D:10     | Found Keso's Gadget Shoppe.
  9875 | D:10     | Found Tuev's Magic Scroll Shoppe.
  9883 | D:10     | Bought a scroll of blinking for 82 gold pieces
  9883 | D:10     | Bought a scroll of blinking for 82 gold pieces
  9883 | D:10     | Bought 3 scrolls of magic mapping for 115 gold pieces
 10352 | D:11     | Noticed Urug
 10448 | Lair:1   | Entered Level 1 of the Lair of Beasts
 10576 | Lair:1   | Noticed a five-headed hydra
 10583 | Lair:1   | Killed a five-headed hydra
 10583 | Lair:1   | Reached skill level 10 in Maces & Flails
 12566 | Lair:3   | Found a white marble altar of Elyvilon.
 12626 | Lair:3   | Reached skill level 10 in Fighting
 12631 | Lair:3   | Reached ****** piety under Hepliaklqana
 12746 | Lair:3   | Noticed a seven-headed hydra
 12802 | Lair:3   | Noticed a six-headed hydra
 12817 | Lair:3   | Killed a six-headed hydra
 12817 | Lair:3   | Reached skill level 11 in Maces & Flails
 13020 | Lair:3   | Reached XP level 12. HP: 99/113 MP: 12/12
 13198 | Lair:3   | Found a staircase to the Shoals.
 13603 | Lair:4   | Noticed a catoblepas
 13603 | Lair:4   | Noticed a catoblepas
 13946 | Lair:4   | Killed a catoblepas
 14110 | Lair:4   | Killed a catoblepas
 14190 | Lair:4   | Found a hole to the Spider Nest.
 14212 | Lair:4   | HP: 4/115 [redback (8)]
 14213 | Lair:4   | Slain by a redback

Vault maps used:
D:1:      psy_arrival_statuary
D:2:      nicolae_overflow_hidden_temple, vehumet_crystals, first_ration,
          uniq_robin
D:3:      fedhas_altar_2, minmay_goblin_outpost
D:4:      minmay_temple_entry_junction, serial_undead, serial_undead_a,
          serial_undead_f, serial_undead_b, serial_undead_c, uniq_natasha
D:5:      grunt_decor_one_mirror
D:6:      minitemple, old_standard_altar, serial_shops, shop,
          grunt_gozag_statues, uniq_grinder, uniq_pikel
D:7:      grunt_livestock, guppyfry_shop_venom
D:8:      lair_entry_dummy, minmay_mini_ossuary
D:10:     serial_shops, shop, shop_statue, nicolae_shop_statue_plus, shop,
          uniq_snorg
D:11:     ebering_ghost_reflecting_pool, yredelemnul_altar_generic, uniq_urug
Temple:   nicolae_temple_figure_eight
Lair:1:   serial_bayou_lagoon_a
Lair:2:   lemuel_fruit_tree, infiniplex_staircase_pool
Lair:3:   elwin_shoals_entry_rooms, basic_altar, st_stairs_12, minmay_holes,
          serial_bayou_pond_d
Lair:4:   nzn_motion_control, nicolae_spider_entry_tight_spaces,
          small_statue_intersection, grunt_forest_stairs_basic,
          serial_bayou_shore_b

Skill      XL: |  1  2  3  4  5  6  7  8  9 10 11 |
---------------+----------------------------------+-----
Maces & Flails | 3 4 5 6 8 9 11 | 11.6
Fighting       | 3 4 5 6 7 8 10 | 10.7
Dodging        | 3 4 5 6 7 |  7.7
Throwing       | 1 2 3 4 5 |  5.5
Evocations     | 1 2 |  2.0
Stealth        | |  1.0

Action                   |  1- 3 |  4- 6 |  7- 9 | 10-12 || total
-------------------------+-------+-------+-------+-------++-------
Melee: Mace              |   138 |   307 |     7 |       ||   452
       Giant club        |       |       |   230 |   456 ||   686
Throw: Stone             |       |     9 |       |       ||     9
       Tomahawk          |       |       |     1 |    11 ||    12
Invok: Recall Ancestor   |       |       |     3 |       ||     3
       Ancestor Life: He |       |       |     1 |       ||     1
Evoke: Lightning rod     |       |       |       |     1 ||     1
  Use: Scroll            |       |       |     7 |    13 ||    20
       Potion            |       |       |     2 |     2 ||     4
 Stab: Sleeping          |     3 |       |     3 |    13 ||    19
       Confused          |       |       |     4 |     7 ||    11
       Distracted        |       |       |       |     3 ||     3
  Eat: Chunk             |    14 |    20 |    34 |    78 ||   146
Armor: Robe              |    67 |   159 |    90 |   133 ||   449
Dodge: Dodged            |   108 |   260 |   160 |   362 ||   890

Table legend:
 A = Non-vault XP
 B = Vault XP
 C = Vault XP percentage of total XP
 D = Non-vault monster count
 E = Vault monster count
 F = Vault count percentage of total count
                 A         B        C        D         E       F
            +---------+---------+-------+---------+---------+-------
      Total |   21304 |    6446 |  23.2 |     304 |      50 |  14.1
            +---------+---------+-------+---------+---------+-------
        D:1 |      54 |      30 |  35.7 |      25 |       8 |  24.2
        D:2 |      89 |       8 |   8.2 |      29 |       4 |  12.1
        D:3 |     476 |      15 |   3.1 |      20 |       8 |  28.6
        D:4 |     482 |     154 |  24.2 |      18 |       9 |  33.3
        D:5 |     843 |     673 |  44.4 |      32 |       1 |   3.0
        D:6 |     225 |     277 |  55.2 |       5 |       1 |  16.7
        D:7 |    1094 |    1295 |  54.2 |      23 |       9 |  28.1
        D:8 |    1018 |      22 |   2.1 |      24 |       5 |  17.2
        D:9 |    3991 |       0 |   0.0 |      55 |       0 |   0.0
       D:10 |     972 |    1112 |  53.4 |      14 |       1 |   6.7
       D:11 |      42 |       0 |   0.0 |       1 |       0 |   0.0
     Lair:1 |    3527 |       0 |   0.0 |      16 |       0 |   0.0
     Lair:2 |    1722 |       0 |   0.0 |      11 |       0 |   0.0
     Lair:3 |    4521 |     419 |   8.5 |      20 |       1 |   4.8
     Lair:4 |    2248 |    2441 |  52.1 |      11 |       3 |  21.4
            +---------+---------+-------+---------+---------+-------
